2035 views
Uploaded 2023-08-04 01:28:34
Game version 1.36 (6115)
29:39 long 2on2 ladder game on (4)PhantomGrove_S2_v2.0
Saved by Cabeelibob
2035 views
Uploaded 2023-08-04 01:28:34
Game version 1.36 (6115)
29:39 long 2on2 ladder game on (4)PhantomGrove_S2_v2.0


/ 1.1k
72 buildings @ 5.8k
/ 2.9k


| Peasant | 19 | 1425 | / | 0 |
| Footman | 4 | 540 | / | 0 |
| Mortar Team | 3 | 540 | / | 210 |
| Flying Machine | 29 | 2900 | / | 870 |
| Dragonhawk Rider | 2 | 400 | / | 60 |
| total: | 57 | 5805g | / | 1140w |
| Scout Tower | 11 | 330 | / | 220 |
| Arcane Tower | 1 | 70 | / | 50 |
| Guard Tower | 5 | 350 | / | 250 |
| Altar of Kings | 1 | 180 | / | 50 |
| Barracks | 1 | 160 | / | 60 |
| Farm | 11 | 880 | / | 220 |
| Town Hall | 2 | 770 | / | 410 |
| Lumber Mill | 1 | 120 | / | 0 |
| Blacksmith | 1 | 140 | / | 60 |
| Arcane Vault | 1 | 130 | / | 30 |
| Workshop | 4 | 560 | / | 560 |
| Gryphon Aviary | 2 | 280 | / | 300 |
| Keep | 1 | 320 | / | 210 |
| Castle | 1 | 360 | / | 210 |
| total: | 35 | 3550g | / | 1910w |
| 0:02 | Peasant |
| 0:06 | Altar of Kings |
| 0:11 | Peasant |
| 0:20 | Barracks |
| 0:22 | Farm |
| 0:24 | Peasant |
| 0:33 | Peasant |
| 0:48 | Farm |
| 0:50 | Farm |
| 0:53 | Peasant |
| 1:11 | Peasant |
| 1:24 | Footman |
| 1:29 | Footman |
| 1:31 | Peasant |
| 1:38 | Farm |
| 1:42 | Peasant |
| 1:47 | Scout Tower |
| 1:53 | Footman |
| 2:13 | Storm Bolt |
| 2:19 | Arcane Tower |
| 2:20 | Footman |
| 2:58 | Peasant |
| 2:58 | Peasant |
| 3:23 | Peasant |
| 3:45 | Town Hall |
| 3:49 | Bash |
| 4:00 | Lumber Mill |
| 4:02 | Peasant |
| 4:02 | Peasant |
| 4:09 | Town Hall |
| 4:27 | Peasant |
| 4:32 | Scout Tower |
| 4:38 | Scout Tower |
| 4:40 | Peasant |
| 5:02 | Peasant |
| 5:17 | Guard Tower |
| 5:20 | Improved Lumber Harvesting |
| 5:20 | Improved Masonry |
| 5:21 | Peasant |
| 5:50 | Keep |
| 6:06 | Scout Tower |
| 6:09 | Scout Tower |
| 6:10 | Scout Tower |
| 6:11 | Scout Tower |
| 7:02 | Guard Tower |
| 7:55 | Blacksmith |
| 7:58 | Guard Tower |
| 8:02 | Scout Tower |
| 8:03 | Scout Tower |
| 8:03 | Scout Tower |
| 8:05 | Peasant |
| 8:06 | Peasant |
| 8:20 | Bash |
| 8:35 | Castle |
| 8:47 | Guard Tower |
| 8:51 | Scout Tower |
| 9:13 | Workshop |
| 9:15 | Workshop |
| 9:28 | Workshop |
| 9:29 | Workshop |
| 10:01 | Holy Light |
| 10:20 | Flak Cannons |
| 10:20 | Flare |
| 10:26 | Advanced Lumber Harvesting |
| 10:30 | Guard Tower |
| 10:36 | Mortar Team |
| 10:38 | Black Gunpowder |
| 10:52 | Advanced Masonry |
| 11:29 | Storm Bolt |
| 11:34 | Flying Machine Bombs |
| 11:34 | Fragmentation Shards |
| 11:40 | Refined Gunpowder |
| 11:49 | Farm |
| 11:50 | Farm |
| 11:50 | Farm |
| 12:12 | Mortar Team |
| 12:14 | Mortar Team |
| 13:19 | Arcane Vault |
| 13:22 | Imbued Gunpowder |
| 13:25 | Flying Machine |
| 13:26 | Flying Machine |
| 14:04 | Flying Machine |
| 14:05 | Flying Machine |
| 14:05 | Flying Machine |
| 14:41 | Flying Machine |
| 14:41 | Flying Machine |
| 14:47 | Divine Shield |
| 14:56 | Flying Machine |
| 15:05 | Farm |
| 15:06 | Farm |
| 15:08 | Farm |
| 15:10 | Farm |
| 15:18 | Iron Plating |
| 15:58 | Flying Machine |
| 15:58 | Flying Machine |
| 16:05 | Gryphon Aviary |
| 16:11 | Gryphon Aviary |
| 16:19 | Flying Machine |
| 17:21 | Flying Machine |
| 17:32 | Steel Plating |
| 17:36 | Cloud |
| 17:37 | Dragonhawk Rider |
| 17:37 | Dragonhawk Rider |
| 19:06 | Mithril Plating |
| 19:07 | Studded Leather Armor |
| 20:42 | Holy Light |
| 20:42 | Divine Shield |
| 20:44 | Bash |
| 20:45 | Storm Bolt |
| 20:46 | Bash |
| 20:48 | Flying Machine |
| 20:49 | Flying Machine |
| 20:56 | Holy Light |
| 21:27 | Divine Shield |
| 21:28 | Divine Shield |
| 22:49 | Storm Bolt |
| 22:51 | Storm Bolt |
| 23:44 | Flying Machine |
| 23:44 | Flying Machine |
| 23:44 | Flying Machine |
| 23:44 | Flying Machine |
| 23:44 | Flying Machine |
| 23:52 | Flying Machine |
| 23:52 | Flying Machine |
| 23:52 | Flying Machine |
| 23:53 | Flying Machine |
| 23:53 | Flying Machine |
| 26:03 | Holy Light |
| 26:05 | Holy Light |
| 26:09 | Flying Machine |
| 26:10 | Flying Machine |
| 26:10 | Flying Machine |
| 26:10 | Flying Machine |
| 26:10 | Flying Machine |
| 28:47 | Avatar |
| 28:51 | Divine Shield |
| Right click | 1236 |
| Select group | 519 |
| Select | 336 |
| Build/train/purchase | 115 |
| Use ability | 86 |
| Misc. action | 79 |
| Assign group | 12 |
| Esc | 9 |
| Minimap ping | 9 |
| Resource trade | 5 |
| Remove unit | 2 |
Cabeelibob
(194)
(29:36) : 

| Peasant | 18 | 1350 | / | 0 |
| total: | 18 | 1350g | / | 0w |
| Scout Tower | 27 | 810 | / | 540 |
| Arcane Tower | 6 | 420 | / | 300 |
| Guard Tower | 15 | 1050 | / | 750 |
| Altar of Kings | 3 | 540 | / | 150 |
| Farm | 4 | 320 | / | 80 |
| Lumber Mill | 2 | 240 | / | 0 |
| Town Hall | 1 | 385 | / | 205 |
| Keep | 1 | 320 | / | 210 |
| total: | 37 | 2295g | / | 975w |
| 0:03 | Altar of Kings |
| 0:06 | Farm |
| 0:07 | Peasant |
| 0:18 | Peasant |
| 0:31 | Peasant |
| 0:40 | Altar of Kings |
| 0:45 | Lumber Mill |
| 0:47 | Peasant |
| 0:56 | Farm |
| 0:58 | Peasant |
| 1:12 | Peasant |
| 1:16 | Scout Tower |
| 1:24 | Peasant |
| 1:41 | Peasant |
| 1:49 | Improved Lumber Harvesting |
| 1:55 | Improved Masonry |
| 2:22 | Arcane Tower |
| 2:27 | Farm |
| 2:29 | Peasant |
| 2:30 | Peasant |
| 2:42 | Storm Bolt |
| 2:47 | Peasant |
| 3:07 | Scout Tower |
| 3:12 | Scout Tower |
| 3:13 | Scout Tower |
| 3:15 | Scout Tower |
| 3:16 | Scout Tower |
| 3:23 | Peasant |
| 3:23 | Peasant |
| 3:39 | Guard Tower |
| 3:55 | Scout Tower |
| 3:55 | Scout Tower |
| 3:56 | Scout Tower |
| 4:05 | Guard Tower |
| 4:06 | Guard Tower |
| 4:09 | Peasant |
| 4:09 | Peasant |
| 4:30 | Arcane Tower |
| 4:31 | Arcane Tower |
| 4:34 | Scout Tower |
| 4:42 | Scout Tower |
| 5:00 | Scout Tower |
| 5:03 | Arcane Tower |
| 5:05 | Scout Tower |
| 5:08 | Keep |
| 5:13 | Scout Tower |
| 5:20 | Guard Tower |
| 5:25 | Guard Tower |
| 5:31 | Guard Tower |
| 5:33 | Scout Tower |
| 5:43 | Scout Tower |
| 5:48 | Arcane Tower |
| 5:54 | Scout Tower |
| 6:00 | Guard Tower |
| 6:16 | Scout Tower |
| 6:18 | Guard Tower |
| 6:21 | Guard Tower |
| 6:24 | Scout Tower |
| 6:30 | Guard Tower |
| 6:53 | Scout Tower |
| 6:57 | Scout Tower |
| 7:00 | Arcane Tower |
| 7:11 | Guard Tower |
| 7:27 | Guard Tower |
| 7:28 | Guard Tower |
| 7:31 | Scout Tower |
| 7:32 | Scout Tower |
| 7:33 | Scout Tower |
| 7:35 | Scout Tower |
| 7:44 | Advanced Masonry |
| 7:52 | Scout Tower |
| 8:44 | Altar of Kings |
| 8:51 | Guard Tower |
| 9:17 | Farm |
| 9:44 | Lumber Mill |
| 10:03 | Scout Tower |
| 10:18 | Holy Light |
| 11:13 | Guard Tower |
| 18:38 | Town Hall |
| 23:24 | Peasant |
| 23:24 | Peasant |
| 23:56 | Peasant |
| 26:03 | Avatar |
| Right click | 743 |
| Select group | 676 |
| Select | 261 |
| Build/train/purchase | 59 |
| Resource trade | 29 |
| Assign group | 26 |
| Chat | 6 |
| Use ability | 5 |
| Misc. action | 4 |
| Minimap ping | 3 |
| Esc | 2 |
116 units @ 13.7k
/ 1.4k
75 buildings @ 12.8k
/ 5.5k


| Staff of Preservation | 2 | 300 |
| Lesser Clarity Potion | 2 | 140 |
| Orb of Venom | 1 | 325 |
| Scroll of Healing | 1 | 250 |
| Boots of Speed | 2 | 500 |
| total: | 8 | 1515g |
| Wisp | 32 | 1920 | / | 0 |
| Archer | 13 | 1690 | / | 130 |
| Hippogryph | 7 | 1120 | / | 140 |
| Chimaera | 2 | 660 | / | 140 |
| total: | 54 | 5390g | / | 410w |
| Ancient Protector | 8 | 1080 | / | 640 |
| Moon Well | 8 | 1440 | / | 320 |
| Ancient of War | 2 | 300 | / | 120 |
| Altar of Elders | 1 | 180 | / | 50 |
| Ancient of Wonders | 2 | 180 | / | 60 |
| Hunter's Hall | 2 | 420 | / | 200 |
| Tree of Life | 2 | 680 | / | 370 |
| Ancient of Wind | 2 | 300 | / | 280 |
| Chimaera Roost | 3 | 420 | / | 570 |
| Tree of Ages | 1 | 320 | / | 180 |
| Tree of Eternity | 1 | 330 | / | 200 |
| total: | 30 | 5000g | / | 2610w |
| 0:08 | Wisp |
| 0:08 | Wisp |
| 0:11 | Wisp |
| 0:23 | Moon Well |
| 0:41 | Wisp |
| 0:56 | Ancient of War |
| 0:56 | Wisp |
| 0:57 | Wisp |
| 1:02 | Altar of Elders |
| 1:05 | Wisp |
| 1:28 | Ancient of War |
| 1:43 | Wisp |
| 1:49 | Moon Well |
| 2:14 | Moon Well |
| 2:16 | Archer |
| 2:31 | Archer |
| 2:41 | Archer |
| 2:52 | Archer |
| 3:05 | Archer |
| 3:09 | Searing Arrows |
| 3:15 | Ancient of Wonders |
| 3:26 | Wisp |
| 3:28 | Archer |
| 3:40 | Archer |
| 4:01 | Wisp |
| 4:02 | Wisp |
| 4:03 | Archer |
| 4:21 | Trueshot Aura |
| 4:31 | Hunter's Hall |
| 4:33 | Archer |
| 5:18 | Trueshot Aura |
| 5:26 | Tree of Life |
| 5:32 | Wisp |
| 5:32 | Wisp |
| 5:36 | Ancient Protector |
| 6:01 | Tree of Ages |
| 6:27 | Archer |
| 7:03 | Moon Armor |
| 7:03 | Strength of the Moon |
| 7:04 | Moon Well |
| 7:52 | Wisp |
| 7:52 | Wisp |
| 7:52 | Wisp |
| 7:52 | Wisp |
| 7:53 | Wisp |
| 8:44 | Ancient of Wind |
| 8:45 | Wisp |
| 8:45 | Wisp |
| 8:46 | Improved Bows |
| 8:48 | Archer |
| 8:53 | Wisp |
| 8:54 | Wisp |
| 9:26 | Ancient of Wind |
| 9:28 | Wisp |
| 9:29 | Wisp |
| 9:29 | Wisp |
| 9:33 | Wisp |
| 9:33 | Wisp |
| 9:33 | Wisp |
| 9:36 | Wisp |
| 9:49 | Staff of Preservation |
| 9:50 | Lesser Clarity Potion |
| 9:51 | Lesser Clarity Potion |
| 10:15 | Tree of Eternity |
| 10:41 | Fan of Knives |
| 10:57 | Ancient Protector |
| 11:01 | Ancient Protector |
| 11:02 | Nature's Blessing |
| 11:02 | Wisp |
| 11:02 | Wisp |
| 11:29 | Strength of the Wild |
| 11:29 | Reinforced Hides |
| 11:32 | Moon Well |
| 11:43 | Wisp |
| 12:13 | Hippogryph |
| 12:25 | Searing Arrows |
| 12:27 | Hippogryph |
| 12:40 | Scroll of Healing |
| 13:00 | Boots of Speed |
| 13:05 | Boots of Speed |
| 13:18 | Chimaera Roost |
| 13:19 | Chimaera Roost |
| 13:28 | Chimaera Roost |
| 13:40 | Hippogryph |
| 13:42 | Moon Well |
| 13:44 | Improved Reinforced Hides |
| 13:45 | Improved Strength of the Wild |
| 13:47 | Marksmanship |
| 13:48 | Archer |
| 14:07 | Blink |
| 14:32 | Moon Well |
| 15:08 | Chimaera |
| 15:14 | Moon Well |
| 15:18 | Advanced Reinforced Hides |
| 15:27 | Chimaera |
| 15:29 | Corrosive Breath |
| 15:37 | Fan of Knives |
| 16:30 | Hippogryph |
| 16:36 | Tree of Life |
| 16:53 | Staff of Preservation |
| 17:01 | Ancient of Wonders |
| 17:10 | Ancient Protector |
| 17:11 | Ancient Protector |
| 17:21 | Hippogryph |
| 17:36 | Hunter's Hall |
| 17:51 | Ancient Protector |
| 17:54 | Ancient Protector |
| 17:56 | Ancient Protector |
| 18:00 | Hippogryph |
| 18:28 | Well Spring |
| 18:36 | Hippogryph |
| 19:16 | Advanced Strength of the Wild |
| 19:18 | Ultravision |
| 20:45 | Orb of Venom |
| 21:02 | Archer |
| Right click | 713 |
| Select | 456 |
| Select group | 408 |
| Build/train/purchase | 103 |
| Assign group | 29 |
| Use ability | 15 |
| Item give/drop | 12 |
| Minimap ping | 5 |
| Remove unit | 2 |



| Rod of Necromancy | 3 | 450 |
| Potion of Healing | 5 | 750 |
| Orb of Corruption | 2 | 750 |
| Scroll of Town Portal | 3 | 1050 |
| Scroll of Healing | 2 | 500 |
| Scroll of Protection | 1 | 150 |
| Potion of Lesser Invulnerability | 2 | 300 |
| Orb of Venom | 1 | 325 |
| total: | 19 | 4275g |
| Acolyte | 17 | 1275 | / | 0 |
| Ghoul | 5 | 600 | / | 0 |
| Obsidian Statue | 2 | 400 | / | 70 |
| Frost Wyrm | 1 | 385 | / | 120 |
| Gargoyle | 18 | 3150 | / | 540 |
| Hippogryph | 14 | 2240 | / | 280 |
| Wisp | 5 | 300 | / | 0 |
| total: | 62 | 8350g | / | 1010w |
| Nerubian Tower | 5 | 500 | / | 100 |
| Spirit Tower | 5 | 725 | / | 200 |
| Altar of Darkness | 2 | 360 | / | 100 |
| Ziggurat | 15 | 2250 | / | 750 |
| Crypt | 8 | 1600 | / | 400 |
| Tomb of Relics | 1 | 130 | / | 30 |
| Graveyard | 1 | 215 | / | 0 |
| Necropolis | 2 | 450 | / | 0 |
| Slaughterhouse | 1 | 140 | / | 135 |
| Sacrificial Pit | 2 | 150 | / | 300 |
| Boneyard | 3 | 525 | / | 600 |
| Halls of the Dead | 2 | 640 | / | 420 |
| Black Citadel | 1 | 325 | / | 230 |
| Tree of Life | 1 | 340 | / | 185 |
| Moon Well | 9 | 1620 | / | 360 |
| Tree of Ages | 1 | 320 | / | 180 |
| total: | 45 | 7780g | / | 2860w |
| 0:02 | Acolyte |
| 0:02 | Acolyte |
| 0:07 | Altar of Darkness |
| 0:10 | Ziggurat |
| 0:33 | Crypt |
| 0:41 | Acolyte |
| 0:59 | Tomb of Relics |
| 1:34 | Ghoul |
| 1:34 | Ghoul |
| 1:35 | Ghoul |
| 1:35 | Ghoul |
| 1:53 | Nerubian Tower |
| 1:56 | Ghoul |
| 2:08 | Death Coil |
| 2:12 | Rod of Necromancy |
| 2:12 | Rod of Necromancy |
| 2:43 | Halls of the Dead |
| 3:11 | Ziggurat |
| 3:12 | Ziggurat |
| 3:13 | Ziggurat |
| 3:38 | Graveyard |
| 3:56 | Ziggurat |
| 5:01 | Unholy Aura |
| 5:05 | Acolyte |
| 5:28 | Necropolis |
| 5:30 | Potion of Healing |
| 5:30 | Rod of Necromancy |
| 6:10 | Acolyte |
| 6:10 | Acolyte |
| 6:11 | Acolyte |
| 6:11 | Acolyte |
| 6:21 | Acolyte |
| 6:32 | Frost Nova |
| 7:00 | Slaughterhouse |
| 7:18 | Ziggurat |
| 7:37 | Black Citadel |
| 7:57 | Ziggurat |
| 8:27 | Ziggurat |
| 8:29 | Nerubian Tower |
| 8:45 | Obsidian Statue |
| 8:45 | Obsidian Statue |
| 8:48 | Creature Attack |
| 8:48 | Creature Carapace |
| 8:49 | Nerubian Tower |
| 8:56 | Spirit Tower |
| 8:58 | Ziggurat |
| 8:59 | Ziggurat |
| 9:13 | Acolyte |
| 9:30 | Nerubian Tower |
| 9:31 | Nerubian Tower |
| 9:40 | Spirit Tower |
| 9:42 | Ziggurat |
| 9:54 | Frost Armor |
| 9:55 | Death Coil |
| 10:05 | Sacrificial Pit |
| 10:07 | Sacrificial Pit |
| 10:18 | Spirit Tower |
| 10:35 | Acolyte |
| 10:35 | Acolyte |
| 10:35 | Acolyte |
| 10:35 | Acolyte |
| 10:49 | Acolyte |
| 10:50 | Destroyer Form |
| 10:52 | Improved Creature Attack |
| 11:19 | Potion of Healing |
| 11:19 | Potion of Healing |
| 11:20 | Potion of Healing |
| 11:20 | Potion of Healing |
| 11:24 | Impale |
| 11:34 | Orb of Corruption |
| 11:34 | Orb of Corruption |
| 11:39 | Acolyte |
| 11:58 | Spirit Tower |
| 12:13 | Advanced Creature Attack |
| 12:14 | Improved Creature Carapace |
| 12:46 | Boneyard |
| 12:47 | Boneyard |
| 13:31 | Boneyard |
| 14:11 | Freezing Breath |
| 14:24 | Crypt |
| 14:26 | Crypt |
| 14:36 | Spiked Carapace |
| 15:26 | Frost Wyrm |
| 15:41 | Crypt |
| 15:42 | Crypt |
| 15:43 | Crypt |
| 15:45 | Crypt |
| 15:53 | Orb of Venom |
| 15:58 | Frost Nova |
| 16:46 | Advanced Creature Carapace |
| 16:57 | Scroll of Town Portal |
| 16:58 | Scroll of Healing |
| 17:05 | Scroll of Healing |
| 17:25 | Crypt |
| 17:37 | Acolyte |
| 18:01 | Scroll of Protection |
| 18:06 | Potion of Lesser Invulnerability |
| 18:13 | Necropolis |
| 18:37 | Gargoyle |
| 18:37 | Gargoyle |
| 18:41 | Gargoyle |
| 18:41 | Gargoyle |
| 19:07 | Gargoyle |
| 19:07 | Gargoyle |
| 20:34 | Gargoyle |
| 20:35 | Gargoyle |
| 20:35 | Gargoyle |
| 21:03 | Scroll of Town Portal |
| 21:29 | Hippogryph |
| 21:29 | Hippogryph |
| 21:29 | Hippogryph |
| 21:30 | Hippogryph |
| 21:30 | Hippogryph |
| 21:30 | Hippogryph |
| 21:41 | Gargoyle |
| 21:41 | Gargoyle |
| 22:27 | Hippogryph |
| 22:27 | Hippogryph |
| 22:27 | Hippogryph |
| 22:52 | Altar of Darkness |
| 23:25 | Hippogryph |
| 23:25 | Hippogryph |
| 23:25 | Hippogryph |
| 23:30 | Gargoyle |
| 23:30 | Gargoyle |
| 24:07 | Hippogryph |
| 24:08 | Hippogryph |
| 24:17 | Wisp |
| 24:17 | Wisp |
| 24:31 | Ziggurat |
| 24:32 | Ziggurat |
| 24:32 | Ziggurat |
| 24:33 | Ziggurat |
| 25:00 | Unholy Aura |
| 25:08 | Wisp |
| 25:08 | Wisp |
| 25:09 | Wisp |
| 25:55 | Gargoyle |
| 25:55 | Gargoyle |
| 25:56 | Gargoyle |
| 26:03 | Impale |
| 26:10 | Frost Armor |
| 26:13 | Potion of Lesser Invulnerability |
| 26:59 | Tree of Ages |
| 27:11 | Scroll of Town Portal |
| 28:01 | Gargoyle |
| 28:01 | Gargoyle |
| 29:02 | Tree of Life |
| 29:04 | Moon Well |
| 29:05 | Moon Well |
| 29:07 | Moon Well |
| 29:07 | Moon Well |
| 29:07 | Moon Well |
| 29:08 | Moon Well |
| 29:09 | Moon Well |
| 29:10 | Moon Well |
| 29:10 | Moon Well |
| Select group | 1497 |
| Right click | 1143 |
| Select | 455 |
| Build/train/purchase | 202 |
| Misc. action | 162 |
| Use ability | 73 |
| Assign group | 51 |
| Resource trade | 28 |
| Minimap ping | 18 |
| Item give/drop | 11 |
⇛